 Dungeon Crawl Stone Soup version 0.27-a0-1612-gde56a17b89 (webtiles) character file.

Game seed: 5728836811328736353

23 Anon1729 the Insei (level 3, 0/29 HPs)
             Began as a Merfolk Monk on July 21, 2021.
             Succumbed to an adder's poison
             ... on level 2 of the Dungeon.
             The game lasted 00:01:58 (1492 turns).

Anon1729 the Insei (Merfolk Monk)                   Turns: 1492, Time: 00:01:58

Health: 0/29       AC:  2    Str: 11    XL:     3   Next: 0%
Magic:  3/3        EV: 13    Int: 10    God:
Gold:   57         SH:  0    Dex: 16    Spells: 2/2 levels left

rFire    . . .     SeeInvis .     - Unarmed
rCold    . . .     Faith    .   (no shield)
rNeg     . . .     Spirit   .   a - +0 robe
rPois    .         Reflect  .   (no helmet)
rElec    .         Harm     .   (no cloak)
rCorr    .         Rampage  .   (no gloves)
Will     .....                  (no boots)
Stlth    ++........             (no amulet)
HPRegen  0.09/turn              (no ring)
MPRegen  0.08/turn              (no ring)

@: lethally poisoned (0 -> -7)
A: (nimble swimmer 2), mertail
a: no special abilities


You were on level 2 of the Dungeon.
You visited 1 branch of the dungeon, and saw 2 of its levels.

You collected 57 gold pieces.

Inventory:

Armour
 a - a +0 robe (worn)
Wands
 h - a wand of charming (1)
Scrolls
 b - 2 scrolls of identify {unknown}
 c - a scroll of immolation {unknown}
 e - a scroll of fog {unknown}
 f - a scroll of magic mapping {unknown}
 g - a scroll of noise {unknown}
Potions
 d - 3 potions of brilliance {unknown}


   Skills:
 - Level 3.2 Fighting
 - Level 4.0 Dodging
 - Level 2.1 Stealth
 + Level 4.5 Unarmed Combat


You had 2 spell levels left.
You didn't know any spells.
Your spell library was empty.

Dungeon Overview and Level Annotations

Branches:
Dungeon (2/15)

Altars:

Shops:
D:1 (


Innate Abilities, Weirdness & Mutations

((You are quick and stealthy near water. (Stealth+, EV+, Speed+++)))
Your lower body shifts to a powerful aquatic tail in water.


Message History

The hobgoblin hits you with a +0 mace.
* * * LOW HITPOINT WARNING * * *
Aiming: Charm
Press: ? - help, Shift-Dir - straight line, f - hobgoblin
Aim: a hobgoblin, wielding a +0 mace (heavily wounded, chance to affect: 63%)
The hobgoblin resists with significant effort.
The hobgoblin closely misses you.
Aiming: Charm
Press: ? - help, Shift-Dir - straight line, f/p - hobgoblin
Aim: a hobgoblin, wielding a +0 mace (heavily wounded, chance to affect: 63%)
The hobgoblin is charmed.
The adder barely misses your hobgoblin. The adder bites your hobgoblin.
Your hobgoblin dies!
You have reached level 3!
Your experience leads to an increase in your attributes!
Increase (S)trength, (I)ntelligence, or (D)exterity?
You feel clever.
There's nothing to close nearby.
Aiming: Charm
Press: ? - help, Shift-Dir - straight line, f - adder
Aim: an adder (chance to affect: 54%)
The adder resists with significant effort.
Aiming: Charm
Press: ? - help, Shift-Dir - straight line, f/p - adder
Aim: an adder (chance to affect: 54%)
The adder resists with significant effort.
The adder barely misses you.
Aiming: Charm
Press: ? - help, Shift-Dir - straight line, f/p - adder
Aim: an adder (chance to affect: 54%)
The adder resists with significant effort.
The adder bites you but does no damage. The adder bites you.
* * * LOW HITPOINT WARNING * * *
You are lethally poisoned!
The adder poisons you!
Aiming: Charm
Press: ? - help, Shift-Dir - straight line, f/p - adder
Aim: an adder (chance to affect: 54%)
The adder resists with significant effort.
You die...

.... ... ..
#####.##'#
#........##
#........
#.#...... #.#
.#.##
#S#..#..#..##
#
#@#..#.......
.
#.#..#.....#
#.#..#.....#
#.#..#.....#
#.#..#.....#
#.#..#.....#
#.#........#
#.##.#.#...#
#....#.#.###


You could see an adder.

Vanquished Creatures
  A dart slug (D:2)
  A bat (D:1)
  3 endoplasms (D:1)
  2 giant cockroaches (D:1)
  3 goblins (D:1)
  4 jackals (D:1)
  A kobold (D:1)
  A ball python (D:1)
  A rat (D:1)
17 creatures vanquished.

Vanquished Creatures (others)
  A hobgoblin (D:2)
  3 plants (D:2)
4 creatures vanquished.

Grand Total: 21 creatures vanquished

Notes
Turn   | Place    | Note
-------+----------+-------------------------------------------
     0 | D:1      | Anon1729 the Merfolk Monk began the quest for the Orb.
     0 | D:1      | Reached XP level 1. HP: 18/18 MP: 1/1
   561 | D:1      | Reached XP level 2. HP: 22/24 MP: 2/2
   825 | D:1      | Found Botoir's Weapon Shop.
  1489 | D:2      | Reached XP level 3. HP: 3/29 MP: 3/3
  1492 | D:2      | Succumbed to an adder's poison

Illustrated notes

Levels and vault maps discovered:
D:1:      dpeg_arrival_arbitrary_c, layout_loops_ring, serial_shops,
          shop_statue, chequers_mini_garden, kennysheep_boxes
D:2:      layout_basic, serial_forest, infiniplex_forest_zigzag_1,
          infiniplex_forest_clump_small, infiniplex_forest_clump_diagonal,
          infiniplex_forest_clump_double, infiniplex_forest_straight_3,
          infiniplex_forest_clump_small

Skill      XL: |  1  2 |
---------------+-------+-----
Unarmed Combat | 4 |  4.5
Fighting       | |  3.2
Dodging        | |  4.0
Stealth        | |  2.1

Action                   || total
-------------------------++-------
Melee: Unarmed           ||    61
       Punch             ||     2
Evoke: Wand              ||     6
 Stab: Sleeping          ||     4
Armor: Robe              ||     7
Dodge: Dodged            ||    29

Table legend: (Time is in decaauts)
 A = Elapsed time spent in this place.
 B = Non-inter-level travel time spent in this place.
 C = Inter-level travel time spent in this place.
 D = Time resting spent in this place.
 E = Time spent auto-exploring this place.
 F = Levels seen in this place.
 G = Mean time per level.
                   A        B        C        D        E       F      G
               +--------+--------+--------+--------+--------+-----+--------+
         Total |   1459 |   1443 |     16 |    283 |   1006 |   2 |  729.5 |
       Dungeon |   1459 |   1443 |     16 |    283 |   1006 |   2 |  729.5 |
               +--------+--------+--------+--------+--------+-----+--------+

Top non-repeatable levels by time:
     D:1: 1217 daAuts
     D:2: 241 daAuts
